 Dungeon Crawl Stone Soup version 0.19-a0-475-gfca3800 (webtiles) character file.

198726 mistymad the Unseen (level 18, -9/140 HPs)
             Began as a Vampire Enchanter on June 4, 2016.
             Was a High Priest of Ashenzari.
             Mangled by a swamp dragon (16 damage)
             ... on level 4 of the Swamp.
             The game lasted 02:15:56 (35792 turns).

mistymad the Unseen (Vampire Enchanter)            Turns: 35792, Time: 02:15:57

Health: -9/140     AC:  9    Str:  7    XL:     18   Next: 22%
Magic:  21/34      EV: 18    Int: 22    God:    Ashenzari [*****.]
Gold:   2271       SH: 17    Dex: 25    Spells: 12 memorised, 5 levels left

rFire  + + .     SeeInvis +     W - +9 dagger "Xiuxief" {drain, +Rage MR- Int+4 Dex+3}
rCold  . . .     Gourm    .     c - +2 robe {rF+}
rNeg   + . .     Faith    .     y - +5 shield {reflect} (curse)
rPois  .         Spirit   .     t - +2 hat (curse)
rElec  .         Dismiss  .     e - +0 cloak
rCorr  .         Reflect  +     T - +1 pair of gloves
SustAt .         Harm     .     (no boots)
MR     .....     Clarity  +     I - amulet of regeneration
Stlth  +++++++++.               P - ring of stealth (curse)
                                K - ring of protection from fire

@: lethally poisoned (-9 -> -59), about to teleport, grasped by roots, slowed,
very slow, not resistant to hostile enchantments, incredibly stealthy
A: antennae 1, fangs 3, see invisible, unbreathing
a: Bat Form, Curse Item, Scrying, Transfer Knowledge, Renounce Religion, Evoke
Berserk Rage


You were on level 4 of the Swamp.
You worshipped Ashenzari.
Ashenzari was extremely pleased with you.
You were not thirsty.

You visited 6 branches of the dungeon, and saw 31 of its levels.
You also visited: Ice Cave.

You collected 2799 gold pieces.
You spent 528 gold pieces at shops.

Inventory:

Hand Weapons
 W - the +9 dagger "Xiuxief" (weapon) {drain, +Rage MR- Int+4 Dex+3}
   (You found it on level 9 of the Dungeon)

   A truly terrible weapon, it drains the life of those it strikes.
   It affects your intelligence (+4).
   It affects your dexterity (+3).
   It affects your resistance to hostile enchantments.
   It lets you go berserk.
Missiles
 p - 3 throwing nets (quivered)
Armour
 c - a +2 robe of fire resistance (worn)
 e - a +0 cloak (worn)
 f - a +2 robe of magic resistance
 s - a +0 robe of cold resistance
 t - a cursed +2 hat (worn)
 y - a cursed +5 shield of reflection (worn)
 T - a +1 pair of gloves (worn)
Jewellery
 F - an uncursed ring of protection from cold
 I - an amulet of regeneration (around neck)
 K - a ring of protection from fire (left hand)
 P - a cursed ring of stealth (right hand)
Wands
 n - a wand of confusion (19/48)
 A - a wand of paralysis (5/24)
 C - a wand of paralysis (9/24)
 G - a wand of lightning (8/15)
 L - a wand of confusion (13/48)
 M - a wand of digging (4/24)
 O - a wand of iceblast (8/15)
 X - a wand of flame (25/48)
Scrolls
 a - 11 scrolls of remove curse
 g - 4 scrolls of teleportation
 j - 6 scrolls of magic mapping
 k - 8 scrolls of enchant weapon
 o - 5 scrolls of recharging
 q - a scroll of enchant armour
 H - 2 scrolls of fear
 N - 2 scrolls of blinking
 R - 4 scrolls of fog
 S - 2 scrolls of amnesia
 Z - a scroll of silence
Potions
 b - a potion of cure mutation
 d - 4 potions of blood
 i - 4 potions of brilliance
 l - a potion of resistance
 m - 2 potions of cancellation
 r - 4 potions of flight
 u - 7 potions of haste
 w - 3 potions of heal wounds
 x - a potion of invisibility
 z - 3 potions of magic
 B - 5 potions of curing
 D - 2 potions of might
 E - a potion of beneficial mutation {unknown}
 U - 7 potions of agility {unknown}
 V - 2 potions of ambrosia {unknown}
Books
 v - a book of Conjurations

   Spells                             Type                      Level
   a - Magic Dart                     Conjuration                  1
   b - Searing Ray                    Conjuration                  2
   c - Dazzling Spray                 Conjuration/Hexes            3
   d - Fulminant Prism                Conjuration/Hexes            4
   e - Iskenderun's Mystic Blast      Conjuration                  4
   f - Iskenderun's Battlesphere      Conjuration/Charms           5
 Q - a book of Summonings

   Spells                             Type                      Level
   a - Recall                         Summoning/Translocation      3
   b - Aura of Abjuration             Summoning                    5
   c - Summon Demon                   Summoning                    5
   d - Summon Forest                  Summoning/Translocation      5
   e - Summon Mana Viper              Hexes/Summoning              5
   f - Shadow Creatures               Summoning                    6
Miscellaneous
 h - a phial of floods


   Skills:
 + Level 12.1 Fighting
 - Level 10.1 Short Blades
 + Level 14.0 Dodging
 + Level 19.1 Stealth
 + Level 8.6(11.2) Shields
 + Level 12.1 Spellcasting
 + Level 17.6 Hexes
 + Level 7.9 Charms
 - Level 5.9 Necromancy


You had 5 spell levels left.
You knew the following spells:

 Your Spells              Type           Power        Failure   Level  Hunger
a - Corona                Hex            ######.      0%          1    None
b - Ensorcelled Hibernat  Hex/Ice        ######       1%          2    None
c - Confuse               Hex            ######..     0%          3    None
d - Tukima's Dance        Hex            ######..     0%          3    None
e - Dazzling Spray        Conj/Hex       ######       1%          3    None
f - Invisibility          Hex            ######..     1%          6    #####..
g - Passage of Golubria   Tloc           N/A          78%         4    None
h - Shroud of Golubria    Chrm/Tloc      ####......   2%          2    None
i - Repel Missiles        Chrm/Air       ####..       2%          2    None
j - Regeneration          Chrm/Necr      #####.....   1%          3    None
k - Silence               Hex/Air        ######....   8%          5    ####...
l - Passwall              Tmut/Erth      ##........   12%         2    None


Dungeon Overview and Level Annotations

Branches:
Dungeon (14/15)            Temple (1/1) D:6            Lair (8/8) D:8
  Swamp (4/4) Lair:6       Spider (0/4) Lair:4        Slime (0/6) Lair:8
    Orc (2/2) D:12            Elf (2/3) Orc:2        Vaults (0/5) D:13

Altars:
Ashenzari
Cheibriados
Dithmenos
Elyvilon
Fedhas
Gozag
Hepliaklqana
Kikubaaqudgha
Makhleb
Nemelex Xobeh
Okawaru
Pakellas
Qazlal
Ru
Sif Muna
Trog
Uskayaw
Vehumet
Xom
Yredelemnul
Zin
The Shining One
Jiyva

Shops:
D:5 (   D:7 *   D:8 (   D:14 *   Orc:2 :?[%[

Portals:
Pandemonium: Orc:2
Bazaar: Elf:1

Annotations:
Elf:2 Nikola


Innate Abilities, Weirdness & Mutations

You have razor-sharp teeth.
You have supernaturally acute eyesight. (SInv)
You can survive without breathing.
You have a pair of small antennae on your head.


Message History

You are lethally poisoned!
* * * LOW HITPOINT WARNING * * *
You block the eight-headed hydra's attack.
The eight-headed hydra bites you.
* * * LOW HITPOINT WARNING * * *
The eight-headed hydra bites you but does no damage.
You block the eight-headed hydra's attack. x2
The eight-headed hydra bites you!
* * * LOW HITPOINT WARNING * * *
The eight-headed hydra closely misses you.
The eight-headed hydra bites you.
* * * LOW HITPOINT WARNING * * *
You hear a roar!
You hear a chilling moan.
You take 36 damage, and have 6/140 hp.
MASSIVE DAMAGE!!
You feel much better.
You are engulfed in poison gas.
You are more poisoned.
* * * LOW HITPOINT WARNING * * *
x2 You feel extremely sick.
The swamp dragon bites you!
You die...

.≈♣ ♣.....≈≈≈...♣# , , ♣♣♣♣
♣≈.♣♣♣♣..≈.≈♣ *, , , ,**
≈≈.♣♣♣♣♣.≈.♣♣♣♣♣§.♣ , {
≈§..♣ ♣≈≈†♣≈.♣*♣≈♣#*,,∆,, ,
* ♣≈♣♣♣ ♣♣..≈..♣ *§§♣#,{{{
, * ♣♣♣♣♣♣ ♣†[..♣♣
♣♣§§#*{{{ , * ≈ ≈ ♣♣≈♣♣
♣≈≈≈≈♣ ♣§D§♣##,{{ ≈ ♣≈≈≈♣
♣.≈≈.♣♣♣♣D.§§≈##k#* * ≈
♣≈≈≈♣♣♣.≈≈)..§@D≈§f§≈... ,
, ,
♣♣♣≈≈≈≈≈♣.≈≈.§≈≈D♣§≈n≈≈♣D♣
,,
♣≈≈≈≈≈≈≈≈≈<§..≈k§.≈≈D≈≈.≈.,
≈
♣§≈≈≈≈≈≈≈(♣≈..≈≈§..≈...≈§≈≈
≈≈ ≈≈
♣.≈≈§≈...♣♣♣♣†≈≈§.≈♣.≈♣≈≈≈,
≈ ♣♣≈≈§.≈≈≈♣
♣♣♣≈.≈.♣♣♣♣≈♣♣, ≈
≈≈♣♣♣≈≈≈≈♣ ♣♣.≈≈≈.♣** ≈ ≈ *
..♣ ♣.≈≈.♣ ♣.≈≈≈.♣ * , ♣♣♣
♣...♣♣ ♣♣...≈♣ * ≈ *


You could see a shambling mangrove, 2 eight-headed hydras, a four-headed hydra,
2 swamp dragons, a bog body (confused) and a swamp drake (confused).

Vanquished Creatures
  Gastronok (Lair:3)
  Maud (Lair:4)
  Donald (Swamp:1)
  Louise (Elf:2)
  The ghost of Kenran the Warrior, a journeyman GrGl of Okawaru (Lair:6)
  A stone giant (Orc:1)
  Azrael (Orc:2)
  Nessos (D:12)
  A deep elf demonologist (Elf:2)
  A deep elf annihilator (Elf:1)
  An ettin (Orc:2)
  The ghost of Kenran the Grappler, a journeyman TrMo of Okawaru (Lair:1)
  A rakshasa (D:14)
  A deep elf high priest (Elf:1)
  An ogre mage (D:13)
  The ghost of namelastname112 the Black Sun, a journeyman DrNe of Kikubaaqudgha (D:13)
  6 hydras
  4 ghost crabs
  2 centaur warriors
  2 catoblepae
  18 dancing weapons
  A queen ant (Lair:6)
  A death knight (D:13)
  4 alligators
  4 orc high priests (Orc:2)
  A deep troll shaman (Lair:8)
  8 death yaks
  11 deep elf knights
  A skeletal warrior (D:13)
  2 unseen horrors
  A fire crab (shapeshifter) (Elf:1)
  A gelid demonspawn (Orc:2)
  4 deep elf archers
  A putrid demonspawn (Orc:2)
  5 shambling mangroves
  An infernal demonspawn (Orc:2)
  A lindwurm (Lair:8)
  Pikel (D:4)
  A phantasmal warrior (D:13)
  8 hill giants
  A torturous demonspawn (Orc:2)
  3 swamp dragons
  7 orc knights
  7 orc sorcerers (Orc:2)
  A hornet (shapeshifter) (Elf:1)
  3 griffons
  10 ugly things
  37 deep elf magi
  4 elephants (Lair:8)
  2 cyclopes (Orc:1)
  A centaur zombie (D:11)
  7 black mambas
  A sixfirhy (Orc:2)
  3 manticores
  A rust devil (Orc:2)
  Joseph (D:7)
  3 ice statues (IceCv)
  19 spiny frogs
  6 rime drakes
  6 komodo dragons
  14 ice devils
  2 freezing wraiths (D:13)
  A komodo dragon (shapeshifter) (Elf:1)
  2 anaconda simulacra (IceCv)
  2 jumping spiders (Lair:4)
  13 trolls
  4 giant leeches
  A polar bear (Lair:8)
  A queen bee (D:13)
  3 boulder beetles
  A two-headed ogre (D:13)
  20 slime creatures
  34 blink frogs
  4 bog bodies
  4 redbacks (Lair:4)
  4 air elementals
  A dire elephant simulacrum (IceCv)
  6 spriggans
  35 yaks
  4 shadows
  5 water elementals (Elf:1)
  Grum (D:8)
  3 fire elementals
  A wraith (D:13)
  9 wyverns (Lair:6)
  16 hippogriffs
  8 basilisks
  A chaos spawn (Orc:2)
  7 vampire mosquitoes
  2 hungry ghosts
  Menkaure (D:5)
  26 insubstantial wisps
  2 wargs (Orc:1)
  2 iron troll simulacra (IceCv)
  2 mottled dragons
  15 swamp worms
  3 harpy simulacra (IceCv)
  15 porcupines
  5 soldier ants (Lair:6)
  26 water moccasins
  3 hell hounds (Orc:2)
  2 hydra simulacra (IceCv)
  15 wasps
  5 swamp drakes
  4 ice beasts
  34 orc warriors
  2 necrophages
  2 sky beasts
  A black bear (Lair:8)
  9 centaurs
  2 phantoms
  15 ogres
  16 wolves
  2 big kobolds
  15 crocodiles
  2 earth elementals
  23 giant frogs
  A wyvern zombie (D:10)
  A gnoll sergeant (D:8)
  6 scorpions
  23 killer bees (D:13)
  4 howler monkeys
  3 wights (D:14)
  6 crimson imps
  3 giant frog zombies
  2 jellies
  26 orc priests
  4 hounds
  17 orc wizards
  3 centaur skeletons
  Ijyb (D:2)
  2 giant frog skeletons
  8 iguanas
  29 worker ants
  4 sheep (Lair:8)
  A hound zombie (D:6)
  A hound skeleton (D:5)
  2 worker ant zombies
  10 adders
  15 gnolls
  A howler monkey skeleton (D:4)
  62 river rats
  2 shadow imps
  3 adder skeletons
  4 worms
  6 dart slugs
  A giant gecko (D:5)
  77 orcs
  9 ball pythons
  17 bats
  7 giant cockroaches
  6 hobgoblins
  13 jackals
  18 kobolds
  A quokka (D:3)
  A giant cockroach zombie (D:5)
  A giant gecko skeleton (D:6)
  A giant gecko zombie (D:5)
  6 giant newts
  A quokka skeleton (D:9)
  9 rats
  A butterfly (D:6)
1105 creatures vanquished.

Vanquished Creatures (collateral kills)
  A two-headed ogre (D:13)
  A blink frog (Lair:3)
2 creatures vanquished.

Vanquished Creatures (others)
  A swamp worm (Swamp:2)
  A centaur (D:13)
  An ogre (D:13)
  2 orc priests
  An orc wizard (D:4)
  A giant gecko (D:4)
  2 orcs
  2 jackals (D:4)
  A quokka (D:6)
  2 quokka skeletons (D:4)
  A quokka zombie (D:5)
  20 fungi
  4 plants
39 creatures vanquished.

Grand Total: 1146 creatures vanquished

Notes
Turn   | Place    | Note
--------------------------------------------------------------
     0 | D:1      | mistymad the Vampire Enchanter began the quest for the Orb.
     0 | D:1      | Reached XP level 1. HP: 13/13 MP: 3/3
   642 | D:1      | Reached XP level 2. HP: 18/20 MP: 5/5
   720 | D:1      | Learned a level 2 spell: Ensorcelled Hibernation
   782 | D:1      | Reached skill level 1 in Fighting
  1639 | D:2      | Reached XP level 3. HP: 26/26 MP: 3/6
  1728 | D:2      | Noticed Ijyb
  1752 | D:2      | Killed Ijyb
  1752 | D:2      | Reached skill level 5 in Hexes
  1786 | D:2      | Learned a level 3 spell: Confuse
  1792 | D:2      | Reached XP level 4. HP: 32/32 MP: 7/7
  3025 | D:3      | Reached skill level 5 in Stealth
  3025 | D:3      | Reached XP level 5. HP: 36/38 MP: 2/9
  3605 | D:3      | Noticed a phantom
  4116 | D:3      | Killed a phantom
  4340 | D:3      | Reached XP level 6. HP: 39/44 MP: 0/10
  4674 | D:3      | Found an iron altar of Okawaru.
  4993 | D:4      | Noticed a slave
  4995 | D:4      | Noticed Pikel
  4996 | D:4      | Noticed a slave
  4997 | D:4      | Noticed a slave
  4997 | D:4      | Noticed a slave
  5041 | D:4      | Killed Pikel
  5041 | D:4      | Reached skill level 6 in Stealth
  5041 | D:4      | Reached XP level 7. HP: 16/52 MP: 2/12
  5530 | D:4      | Found a sacrificial altar of Ru.
  5554 | D:4      | Found a shattered altar of Ashenzari.
  5581 | D:4      | Became a worshipper of Ashenzari the Shackled
  5791 | D:4      | Found a snail-covered altar of Cheibriados.
  5965 | D:5      | Entered Level 5 of the Dungeon
  5982 | D:5      | Reached XP level 8. HP: 49/58 MP: 10/14
  5985 | D:5      | Reached skill level 7 in Stealth
  6115 | D:5      | Found a sparkling altar of Nemelex Xobeh.
  6120 | D:5      | Found a hazy altar of Hepliaklqana.
  6202 | D:5      | Found Dirien's Weapon Boutique.
  6578 | D:5      | Learned a level 3 spell: Tukima's Dance
  6582 | D:5      | Learned a level 3 spell: Dazzling Spray
  6847 | D:5      | Found a radiant altar of Vehumet.
  7027 | D:5      | Noticed Menkaure
  7045 | D:5      | Killed Menkaure
  7119 | D:5      | Found a bloodstained altar of Trog.
  7353 | D:6      | Reached skill level 5 in Short Blades
  7353 | D:6      | Reached skill level 5 in Dodging
  7369 | D:6      | Found a hide-covered altar of Uskayaw.
  7392 | D:6      | Found a staircase to the Ecumenical Temple.
  7477 | Temple   | Entered the Ecumenical Temple
  7742 | D:6      | Found a deep blue altar of Sif Muna.
  7823 | D:6      | Reached skill level 8 in Stealth
  7930 | D:6      | Found a white marble altar of Elyvilon.
  8404 | D:7      | Reached * piety under Ashenzari
  8452 | D:7      | Noticed Joseph
  8468 | D:7      | Killed Joseph
  8468 | D:7      | Reached skill level 5 in Spellcasting
  8468 | D:7      | Reached XP level 9. HP: 65/65 MP: 13/16
  8572 | D:7      | Found an opulent altar of Gozag.
  8572 | D:7      | Found Gozag's Platinum Reserve.
  8613 | D:7      | Found a snail-covered altar of Cheibriados.
  8667 | D:7      | Noticed an unseen horror
  8690 | D:7      | Killed an unseen horror
  8690 | D:7      | Reached skill level 9 in Stealth
  9435 | D:8      | Learned a level 6 spell: Invisibility
  9623 | D:8      | Found a staircase to the Lair.
  9644 | D:8      | Found Hukhilaz's Weapon Shoppe.
  9694 | D:8      | Noticed Grum
  9696 | D:8      | Killed Grum
  9696 | D:8      | Reached skill level 5 in Fighting
  9704 | D:8      | Reached skill level 10 in Stealth
 10159 | D:9      | Got the dagger "Xiuxief" {drain, +Rage MR- Int+4 Dex+3}
 10164 | D:9      | Identified the +9 dagger "Xiuxief" {drain, +Rage MR- Int+4 Dex+3} (You found it on level 9 of the Dungeon)
 10667 | D:9      | Reached XP level 10. HP: 72/74 MP: 18/18
 10839 | D:10     | Entered Level 10 of the Dungeon
 10842 | D:10     | Noticed a hill giant
 10847 | D:10     | Killed a hill giant
 11062 | D:10     | Reached skill level 10 in Hexes
 11105 | D:10     | Noticed a hill giant
 11129 | D:10     | Killed a hill giant
 11159 | D:10     | Reached skill level 11 in Stealth
 11272 | D:10     | Noticed a hill giant
 11284 | D:10     | Killed a hill giant
 11332 | D:10     | Noticed a hill giant
 11348 | D:10     | Killed a hill giant
 11473 | Lair:1   | Entered Level 1 of the Lair of Beasts
 11474 | Lair:1   | Reached ** piety under Ashenzari
 12003 | Lair:1   | Noticed a spiny frog
 12006 | Lair:1   | Reached XP level 11. HP: 82/82 MP: 14/21
 12366 | Lair:1   | Noticed Kenran's ghost (journeyman TrMo)
 12696 | Lair:2   | Noticed a seven-headed hydra
 12721 | Lair:2   | Killed a seven-headed hydra
 12916 | Lair:1   | Killed Kenran's ghost
 12916 | Lair:1   | Reached skill level 12 in Stealth
 14315 | Lair:3   | Reached XP level 12. HP: 80/91 MP: 6/23
 14325 | Lair:3   | Reached skill level 13 in Stealth
 14593 | Lair:3   | Noticed Gastronok
 14650 | Lair:3   | Killed Gastronok
 14856 | Lair:3   | Noticed a death yak
 14876 | Lair:3   | Noticed a death yak
 14880 | Lair:3   | Noticed a death yak
 14881 | Lair:3   | Noticed a death yak
 14930 | Lair:3   | Killed a death yak
 14932 | Lair:3   | Killed a death yak
 15389 | Lair:3   | Killed a death yak
 15397 | Lair:3   | Killed a death yak
 15907 | Lair:3   | Reached skill level 10 in Dodging
 16025 | Lair:4   | Noticed Maud
 16031 | Lair:4   | Killed Maud
 16031 | Lair:4   | Reached skill level 14 in Stealth
 16042 | Lair:4   | Noticed an eight-headed hydra
 16052 | Lair:4   | Killed an eight-headed hydra
 16074 | Lair:4   | Found a hole to the Spider Nest.
 16115 | Lair:4   | Reached skill level 10 in Short Blades
 16261 | Lair:4   | Reached XP level 13. HP: 98/98 MP: 13/25
 17040 | Lair:5   | Reached *** piety under Ashenzari
 17277 | Lair:5   | Reached skill level 1 in Shields
 17804 | Lair:6   | Noticed Kenran's ghost (journeyman GrGl)
 17935 | Lair:6   | Found a staircase to the Swamp.
 18067 | Lair:6   | Reached skill level 15 in Stealth
 18321 | Lair:6   | Killed Kenran's ghost
 19307 | Lair:7   | Reached **** piety under Ashenzari
 19353 | Lair:7   | Reached XP level 14. HP: 108/108 MP: 27/27
 19923 | Lair:8   | Entered Level 8 of the Lair of Beasts
 19984 | Lair:8   | Found a viscous altar of Jiyva.
 19985 | Lair:8   | Found a staircase to the Slime Pits.
 20850 | Lair:8   | Reached skill level 10 in Spellcasting
 20853 | Lair:8   | Reached skill level 16 in Stealth
 21032 | Lair:8   | Identified the ring "Xyich" {*Tele +Fly rC+}
 21398 | Lair:1   | Learned a level 4 spell: Passage of Golubria
 22317 | D:11     | Reached ***** piety under Ashenzari
 22601 | D:11     | Reached skill level 10 in Fighting
 22741 | D:12     | Reached skill level 5 in Shields
 22808 | D:12     | Found a staircase to the Orcish Mines.
 22816 | D:12     | Learned a level 2 spell: Shroud of Golubria
 23084 | D:12     | Got the falchion of Integrity {slice, rF+}
 23085 | D:12     | Identified the +9 falchion of Integrity {slice, rF+} (You found it on level 12 of the Dungeon)
 23102 | D:12     | Noticed Nessos
 23154 | D:12     | Killed Nessos
 23154 | D:12     | Reached skill level 15 in Hexes
 23922 | D:13     | Noticed namelastname112's ghost (journeyman DrNe)
 23955 | D:13     | Killed namelastname112's ghost
 23955 | D:13     | Reached XP level 15. HP: 116/116 MP: 25/29
 24104 | D:13     | Reached skill level 17 in Stealth
 24188 | D:13     | Found a gate to the Vaults.
 24545 | D:13     | Learned a level 2 spell: Repel Missiles
 24592 | D:14     | Found Muocuopnu's Assorted Antiques.
 24603 | D:14     | Bought a slimy steel ring for 145 gold pieces
 24603 | D:14     | Identified the ring of Suspected Treachery {*Tele rF+ Dex+3} (You bought it in a shop on level 14 of the Dungeon)
 24672 | D:14     | Learned a level 3 spell: Regeneration
 25091 | Lair:1   | Learned a level 5 spell: Silence
 25215 | Orc:1    | Entered Level 1 of the Orcish Mines
 25218 | Orc:1    | Reached skill level 1 in Charms
 25621 | Orc:1    | Reached skill level 1 in Necromancy
 25830 | Orc:2    | Entered Level 2 of the Orcish Mines
 26074 | Orc:2    | Found a staircase to the Elven Halls.
 26324 | Orc:2    | Noticed Azrael
 26348 | Orc:2    | Killed Azrael
 26410 | Orc:2    | Found Plog's Armour Shop.
 26849 | Orc:2    | Found Nuohy's Food Boutique.
 26976 | Orc:2    | Found Temun's Magic Scroll Shop.
 27161 | Orc:2    | Bought a scroll of identify for 32 gold pieces
 27161 | Orc:2    | Bought a scroll of identify for 32 gold pieces
 27161 | Orc:2    | Bought a scroll of identify for 32 gold pieces
 27163 | Orc:2    | Reached XP level 16. HP: 125/125 MP: 25/31
 27626 | Orc:2    | Found Bysm's Book Emporium.
 27626 | Orc:2    | Found Zatuw's Antique Armour Shoppe.
 27626 | Orc:2    | Found a one-way gate leading to the halls of Pandemonium.
 27642 | Orc:2    | Bought a pitted leather armour for 175 gold pieces
 27647 | Orc:2    | Bought a cloak for 112 gold pieces
 27757 | Elf:1    | Entered Level 1 of the Elven Halls
 27852 | Elf:1    | Got the uncursed ring mail of Yklif {+Inv rC+ rN+}
 27989 | Elf:1    | Reached skill level 18 in Stealth
 28042 | Elf:1    | Reached XP level 17. HP: 128/131 MP: 32/32
 28194 | Elf:1    | Found a gateway to a bazaar.
 28852 | Elf:2    | Reached skill level 5 in Charms
 28911 | Elf:2    | Reached skill level 5 in Necromancy
 29142 | Elf:2    | Noticed Louise
 29146 | Elf:2    | Killed Louise
 29503 | Elf:2    | Found a runed gate.
 29503 | Elf:2    | Found a runed gate.
 29503 | Elf:2    | Found a runed gate.
 29985 | Elf:2    | Noticed an Ice Fiend
 30240 | Elf:2    | Noticed a deep elf blademaster
 30288 | Elf:2    | Noticed Nikola
 30302 | Elf:2    | Gained mutation: You are clumsy. (Dex -2) [mutagenic glow]
 30544 | Elf:1    | Gained mutation: You have a pair of small antennae on your head. [potion of mutation]
 30544 | Elf:1    | Gained mutation: You have large cloven feet. [potion of mutation]
 30544 | Elf:1    | Gained mutation: Your spells are a little harder to cast, but a little more powerful. [potion of mutation]
 30545 | Elf:1    | Lost mutation: You are clumsy. (Dex -2) [potion of cure mutation]
 30545 | Elf:1    | Lost mutation: You have large cloven feet. [potion of cure mutation]
 30545 | Elf:1    | Lost mutation: Your spells are a little harder to cast, but a little more powerful. [potion of cure mutation]
 30754 | Lair:1   | Learned a level 2 spell: Passwall
 31144 | Swamp:1  | Entered Level 1 of the Swamp
 31878 | Swamp:2  | Noticed Donald
 31893 | Swamp:1  | Killed Donald
 33700 | Swamp:3  | Found a frozen archway.
 33726 | IceCv    | Entered an ice cave
 33883 | IceCv    | Reached XP level 18. HP: 135/140 MP: 30/33
 34474 | IceCv    | Noticed an Ice Fiend
 34577 | IceCv    | Got the uncursed plate armour of Itriaxei {+Blink rC+}
 35037 | Swamp:3  | Reached skill level 19 in Stealth
 35333 | Swamp:4  | Entered Level 4 of the Swamp
 35358 | Swamp:4  | Identified a scroll of acquirement
 35791 | Swamp:4  | HP: 7/140 [eight-headed hydra (14)]
 35792 | Swamp:4  | Mangled by a swamp dragon

Vault maps used:
D:1:      minmay_arrival_diagonal_passages, hangedman_glass_teeth
D:2:      first_bread, minmay_shallow_snake_nest, uniq_iyjb
D:3:      okawaru_trees_1, minmay_tree_intersection
D:4:      cheibrodos_ashenzari_chains, lemuel_crystal_altar, kennysheep_mini,
          minmay_misc_feat_ornament, st_stairs_14, uniq_pikel
D:5:      fiery_altar_vehumet, grunt_temple_overflow_open,
          lightli_temple_of_fire, serial_shops, shop, serial_bayou_pond_d,
          roderic_batcave, kennysheep_generic_room_7, uniq_menkaure
D:6:      elyvilon_altar_4, nicolae_overflow_crystal_walls,
          kennysheep_little_box, minmay_temple_entry_butterflies
D:7:      nicolae_gozag_zags_fifth_avenue, kennysheep_small_spiral, the_bakery,
          serial_park_tiny_2, cheibrodos_worm_habitat, uniq_joseph
D:8:      lair_0_dummy, serial_shops, kennysheep_mini_moat, uniq_grum
D:11:     grunt_tough_drop
D:12:     orc_0_dummy, uniq_nessos
D:13:     hangedman_vaults_entry_quadrant_bands, special_room, st_stairs_13
D:14:     basic_altar, serial_shops, nicolae_shop_overgrown_old_shop,
          hex_medium, bh_walls_and_bars
Temple:   roderic_octagonal_lattice_temple
Lair:2:   st_stairs_7
Lair:3:   beast_lair_carwin_7, lemuel_fruit_tree, lemuel_fruit_fields,
          lemuel_fruit_fields, infiniplex_staircase_pool_2, uniq_gastronok
Lair:4:   nicolae_spider_entry_tight_spaces, grunt_megastairs_4, uniq_maud
Lair:6:   swamp_mist_pool, st_stairs_6, columned_hall_lemuel,
          serial_bayou_pond_d, zaba_antful_of_joy
Lair:7:   small_statue_intersection, bh_autumn_forest_stairs
Lair:8:   grunt_lair_end_beastmaster, slime_altar_1
Swamp:1:  hangedman_swamp_diagram
Swamp:2:  evilmike_swamp_ruin_house_6, uniq_donald
Swamp:3:  portal_ice_cave_entry_pillars_2, nicolae_swamp_trees_clearing
Swamp:4:  swamp, swamp_pool1, uniq_kirke
Orc:2:    pf_orc_diabolical, serial_shops, nicolae_shop_behind_doors,
          uniq_azrael
Elf:1:    serial_shops, statue_bzr, hangedman_corner_corridor,
          minmay_misc_feat_rows, st_stairs_2
Elf:2:    uniq_nikola, uniq_louise
IceCv:    ice_cave_tombish

Skill      XL: |  1  2  3  4  5  6  7  8  9 10 11 12 13 14 15 16 17 18 |
---------------+-------------------------------------------------------+-----
Fighting       | 1 2 3 4 5 6 7 8 9 10 11 12 | 12.1
Hexes          | 5 6 7 8 9 10 11 13 14 15 16 17 | 17.6
Short Blades   | 2 3 4 5 6 7 9 10 | 10.1
Stealth        | 5 6 8 10 11 12 14 15 16 17 18 19 | 19.1
Dodging        | 3 4 5 6 7 9 10 11 12 13 14 | 14.0
Spellcasting   | 3 4 5 6 7 8 9 10 11 12 | 12.1
Shields        | 3 5 6 7 8 |  8.6
Charms         | 3 4 7 |  7.9
Necromancy     | 3 4 5 |  5.9

Action                   |  1- 3 |  4- 6 |  7- 9 | 10-12 | 13-15 | 16-18 || total
-------------------------+-------+-------+-------+-------+-------+-------++-------
Melee: Dagger            |   102 |   240 |   298 |   472 |  1616 |  1543 ||  4271
       Bite              |     5 |    25 |    40 |    53 |   209 |   210 ||   542
       Falchion          |       |       |       |       |     2 |       ||     2
 Cast: Corona            |     2 |       |       |       |       |       ||     2
       Ensorcelled Hiber |     5 |    20 |    11 |    24 |    78 |    22 ||   160
       Confuse           |       |    19 |    41 |    86 |    93 |    97 ||   336
       Dazzling Spray    |       |       |       |     9 |    10 |    43 ||    62
       Invisibility      |       |       |       |     1 |     8 |    13 ||    22
       Tukima's Dance    |       |       |       |       |     1 |       ||     1
       Repel Missiles    |       |       |       |       |     1 |     2 ||     3
       Regeneration      |       |       |       |       |       |    29 ||    29
       Shroud of Golubri |       |       |       |       |       |    11 ||    11
Invok: Curse Item        |       |       |       |       |       |     2 ||     2
       Scrying           |       |       |       |       |       |     1 ||     1
Evoke: Wand              |       |       |       |       |     3 |     7 ||    10
  Use: Potion            |       |     6 |     5 |    11 |     8 |    26 ||    56
       Scroll            |       |       |       |    19 |     9 |    18 ||    46
 Stab: Sleeping          |    10 |    20 |    44 |    47 |   139 |    66 ||   326
       Confused          |       |     8 |    19 |    29 |    54 |    46 ||   156
       Distracted        |       |     1 |       |     4 |     5 |     6 ||    16
       Invisible         |       |       |       |     5 |    89 |    52 ||   146
       Petrified         |       |       |       |       |     1 |       ||     1
Armor: Robe              |    21 |    30 |    41 |    47 |    82 |    76 ||   297
Dodge: Dodged            |    78 |   139 |   161 |   286 |   773 |   613 ||  2050
       Deflected         |       |       |       |       |     2 |     5 ||     7
Block: Buckler           |       |       |       |       |   269 |   136 ||   405
       Shield            |       |       |       |       |       |   405 ||   405
       Reflection        |       |       |       |       |       |     4 ||     4
